Map: Nightshade LE

Players

Maru

  • Race: Terran Terran
  • Spawn Location: 11:00

INnoVation - Winner!

  • Race: Terran Terran
  • Spawn Location: 5:00

Event: IEM Katowice 2020

VOD

Have the link to the VOD?

Description

Time

  • Played on: Feb. 28, 2020, 8:11 a.m.
  • Length: 13:42

All games in this series

Show
View Real Time Build Order
Export as new Build Order

Maru Terran 

Build Orders: Banshee Rush 

Get SALT Encoding   

  12  0:00  SCV  
  13  0:12  SCV  
  14  0:17  Supply Depot  
  14  0:24  SCV  
  14  0:27  Refinery  
  15  0:38  SCV  
  16  0:44  Barracks  
  16  0:50  SCV  
  16  0:55  Refinery  
  17  1:03  SCV  
  18  1:15  SCV  
  19  1:30  Orbital Command  
  19  1:31  Reaper  
  20  1:35  Factory  
  20  1:50  Supply Depot  
  20  1:56  SCV  
  21  2:03  Reaper  
  22  2:09  SCV  
  23  2:19  Hellion  
  23  2:21  SCV  
  26  2:28  Command Center  
  26  2:33  SCV  
  26  2:36  Barracks Reactor  
  27  2:41  Factory Tech Lab  
  27  2:45  SCV  
  27  2:46  Supply Depot  
  29  3:00  Cyclone  
  29  3:01  Starport  
  31  3:07  SCV  
  31  3:12  Marine x2  
  34  3:19  SCV  
  35  3:26  Refinery  
  35  3:30  Marine x2  
  37  3:40  SCV, Orbital Command  
  38  3:43  Cloaking Field  
  38  3:44  Banshee, Factory Tech Lab  
  41  3:50  Marine x2  
  41  3:55  SCV  
  44  3:58  Supply Depot  
  44  4:04  Siege Tank  
  44  4:07  SCV  
  46  4:13  Marine x2  
  46  4:16  SCV  
  49  4:19  SCV  
  50  4:27  Banshee  
  50  4:28  SCV  
  54  4:32  SCV, Supply Depot  
  54  4:36  Siege Tank  
  57  4:40  SCV  
  57  4:44  SCV  
  59  4:53  SCV  
  59  4:56  SCV  
  59  4:57  Command Center  
  61  5:05  SCV  
  61  5:08  SCV, Siege Tank  
  67  5:15  Refinery  
  67  5:17  SCV  
  67  5:19  Supply Depot  
  66  5:22  SCV  
  67  5:29  SCV  
  67  5:30  Viking  
  67  5:33  Stimpack  
  70  5:41  Viking, SCV, Supply Depot  
  73  5:43  Siege Tank  
  75  5:50  SCV  
  75  5:53  SCV  
  77  6:03  Barracks  
  77  6:04  Barracks  
  77  6:06  Viking  
  77  6:08  SCV  
  77  6:11  Viking  
  82  6:16  Engineering Bay  
  82  6:17  Engineering Bay  
  82  6:20  Siege Tank  
  82  6:23  SCV  
  86  6:26  SCV  
  86  6:32  Marine  
  89  6:35  SCV  
  89  6:39  Viking  
  91  6:41  Viking  
  93  6:49  SCV x2  
  93  6:50  Marauder  
  93  6:52  Terran Infantry Weapons Level 1, Terran Infantry Armor Level 1  
  97  6:54  Supply Depot  
  97  6:55  Barracks Reactor, Barracks Tech Lab  
  97  6:57  Siege Tank  
  101  7:01  SCV  
  100  7:09  SCV  
  101  7:15  Viking  
  101  7:16  SCV, Marauder x2  
  101  7:18  Orbital Command  
  101  7:21  SCV  
  109  7:45  Marauder, Marine  
  109  7:48  Viking, SCV  
  109  7:52  Supply Depot x2  
  109  7:57  Barracks  
  109  7:58  Barracks  
  109  7:59  Viking, SCV x2, Marauder  
  109  8:00  SCV  
  116  8:08  Armory  
  116  8:11  SCV  
  117  8:13  SCV x2, Siege Tank  
  117  8:15  Supply Depot x2  
  122  8:23  SCV  
  122  8:25  SCV x2  
  122  8:26  Viking  
  125  8:29  Viking  
  125  8:33  Supply Depot  
  127  8:34  Combat Shield  
  127  8:35  Concussive Shells, SCV  
  127  8:36  Marine  
  127  8:37  Marauder x2, Marine  
  127  8:40  SCV  
  135  8:46  Starport  
  135  8:48  SCV, Starport  
  136  8:52  Barracks Reactor, Barracks Tech Lab  
  136  8:56  SCV x2  
  136  8:59  Refinery  
  136  9:00  SCV, Refinery  
  139  9:05  Medivac x2  
  143  9:11  Marauder, Marine x2  
  143  9:12  Marauder  
  143  9:16  SCV  
  148  9:19  SCV x2  
  148  9:27  Viking x2  
  148  9:28  SCV  
  153  9:31  SCV x2  
  153  9:35  Viking  
  153  9:37  Supply Depot  
  157  9:39  Supply Depot x2  
  157  9:40  Viking, SCV  
  160  9:48  Siege Tank  
  163  9:56  Command Center  
  163  9:58  Terran Infantry Weapons Level 2  
  163  10:02  Viking x2  
  167  10:07  SCV  
  167  10:08  SCV  
  167  10:11  Viking x2  
  173  10:15  SCV  
  173  10:20  SCV x2, Refinery  
  174  10:22  Refinery  
  164  10:28  Marine  
  164  10:29  Marauder  
  164  10:30  Terran Infantry Armor Level 2  
  159  10:37  Marine  
  159  10:38  Marauder  
  157  10:50  Viking  
  157  10:51  Viking  
  157  10:52  SCV x3  
  166  11:04  SCV x3  
  171  11:13  Liberator x2  
  171  11:16  Fusion Core  
  171  11:17  SCV x2, Orbital Command  
  175  11:18  Marine  
  175  11:19  Marauder x2, Marine x2  
  175  11:23  SCV  
  183  11:27  Liberator  
  183  11:29  SCV x2  
  183  11:31  Marauder, Marine  
  191  11:35  SCV  
  190  11:40  Marauder x2  
  190  11:42  SCV x2  
  190  11:43  SCV  
  186  11:47  SCV  
  183  11:54  SCV x2  
  183  11:55  SCV  
  183  11:59  SCV  
  195  12:03  Viking  
  195  12:04  Viking  
  195  12:07  Viking  
  192  12:10  Viking  
  194  12:17  Advanced Ballistics  
  194  12:18  SCV x4  
  198  12:24  Command Center  
  198  12:30  SCV  
  198  12:33  Armory  
  198  12:35  SCV  
  200  12:42  Starport Reactor  
  200  12:47  Starport Reactor  
  177  13:02  Marine  
  177  13:03  Marauder x2  
  177  13:05  Marauder, Marine x3  
  143  13:20  SCV x2, Marine  
  143  13:21  SCV x2, Barracks  
  143  13:22  Barracks x2  
  143  13:23  Marine  
  143  13:24  Marine x2  
Show
View Real Time Build Order
Export as new Build Order

INnoVation Terran - Winner!

Build Orders: Mech 

Get SALT Encoding   

  12  0:00  SCV  
  13  0:12  SCV  
  14  0:16  Supply Depot  
  14  0:24  SCV  
  14  0:27  Refinery  
  15  0:38  SCV  
  16  0:44  Barracks  
  16  0:50  SCV  
  16  0:54  Refinery  
  17  1:02  SCV  
  18  1:14  SCV  
  19  1:30  Orbital Command  
  19  1:31  Reaper  
  20  1:33  Factory  
  20  1:43  Supply Depot  
  20  1:56  SCV  
  21  2:03  Reaper  
  21  2:08  SCV  
  23  2:17  Hellion  
  23  2:20  SCV  
  26  2:25  Command Center  
  26  2:32  SCV  
  26  2:35  Reaper  
  28  2:38  Hellion  
  28  2:41  Supply Depot  
  30  2:44  SCV  
  31  2:51  Starport  
  31  3:00  Factory Tech Lab  
  31  3:02  SCV  
  32  3:07  Barracks Tech Lab  
  32  3:14  SCV  
  32  3:18  Cyclone  
  36  3:22  Refinery  
  36  3:27  SCV  
  37  3:37  Orbital Command  
  37  3:39  SCV, Raven  
  40  3:51  SCV  
  40  3:54  Cyclone  
  44  4:03  SCV x2  
  44  4:09  Supply Depot  
  46  4:15  Command Center  
  47  4:17  SCV x2  
  47  4:22  Raven  
  50  4:27  Refinery  
  50  4:30  SCV x2  
  52  4:35  Siege Tank  
  52  4:37  Supply Depot  
  55  4:42  SCV x2  
  57  4:54  SCV x2  
  59  5:04  Raven  
  59  5:06  SCV x2  
  59  5:07  Barracks Reactor  
  62  5:13  Siege Tank  
  65  5:15  Engineering Bay  
  65  5:18  SCV x2  
  67  5:27  Supply Depot  
  67  5:30  SCV  
  67  5:31  SCV  
  67  5:34  Orbital Command  
  67  5:36  Factory  
  67  5:43  SCV x2, Missile Turret  
  67  5:46  Siege Tank  
  72  5:55  SCV x2, Barracks Reactor  
  72  5:56  Viking x2  
  78  6:00  Orbital Command, Missile Turret  
  78  6:05  Supply Depot  
  78  6:07  SCV x2  
  80  6:19  SCV x2  
  80  6:21  Armory  
  80  6:22  Armory, Factory  
  82  6:26  SCV  
  82  6:28  Refinery  
  82  6:29  Refinery  
  82  6:31  SCV x2  
  85  6:36  Viking  
  85  6:37  Viking  
  89  6:40  SCV  
  89  6:43  SCV x2  
  89  6:45  Supply Depot  
  92  6:48  Siege Tank  
  92  6:52  SCV  
  96  6:55  SCV x2  
  96  6:57  Missile Turret  
  96  7:00  Supply Depot  
  96  7:04  SCV  
  96  7:07  SCV x2  
  96  7:08  Viking x2  
  102  7:12  Terran Vehicle Weapons Level 1  
  102  7:13  Terran Vehicle And Ship Armor Level 1  
  102  7:18  Hellion x2  
  106  7:24  Supply Depot x2  
  107  7:30  Siege Tank  
  107  7:31  Siege Tank  
  110  7:40  Viking x2  
  114  7:50  SCV x2  
  114  7:51  SCV  
  117  7:53  Barracks Reactor  
  117  7:56  Hellion x2, Factory  
  117  7:58  Factory  
  121  8:01  Supply Depot  
  121  8:05  Infernal Pre-Igniter  
  121  8:09  Supply Depot  
  121  8:11  Viking  
  121  8:12  Viking  
  125  8:23  Siege Tank  
  125  8:25  Siege Tank  
  127  8:28  Hellion x2  
  131  8:35  Supply Depot, Sensor Tower  
  131  8:42  Factory Tech Lab  
  131  8:43  Command Center  
  131  8:49  Hellion x2  
  131  8:50  Medivac x2  
  139  8:56  Hellion x2  
  143  9:02  Missile Turret  
  143  9:03  Supply Depot  
  143  9:09  Terran Vehicle Weapons Level 2, Terran Vehicle And Ship Armor Level 2  
  143  9:10  Hellion  
  143  9:11  Hellion  
  147  9:20  Viking x2  
  147  9:26  Hellion x2  
  151  9:32  Hellion x2  
  151  9:36  Thor  
  161  9:39  Supply Depot  
  161  9:40  Supply Depot  
  161  9:43  Supply Depot  
  161  9:45  Missile Turret  
  161  9:49  Missile Turret  
  160  9:54  SCV x3, Missile Turret, Thor  
  160  9:58  Viking  
  169  10:01  Viking  
  171  10:10  SCV x2  
  173  10:14  Planetary Fortress  
  173  10:23  Hellion x2  
  173  10:26  Refinery  
  165  10:29  Viking, Sensor Tower  
  165  10:30  Refinery  
  165  10:31  Viking  
  165  10:38  Thor  
  169  10:47  Thor  
  171  10:54  Thor  
  171  10:55  Missile Turret  
  177  11:06  Viking x2  
  177  11:07  Missile Turret  
  181  11:22  Barracks Reactor  
  181  11:23  Factory  
  181  11:24  Factory  
  181  11:25  Thor  
  187  11:27  Factory  
  187  11:29  Hi-Sec Auto Tracking  
  187  11:31  Hellion x3, Missile Turret  
  187  11:32  Hellion  
  193  11:53  Hellion x3  
  193  11:54  Hellion x2  
  195  12:02  Command Center  
  195  12:03  Viking  
  195  12:04  Viking, Missile Turret  
  195  12:07  Factory Tech Lab  
  199  12:08  Factory Tech Lab  
  199  12:15  Factory Tech Lab  
  199  12:26  Missile Turret  
  199  12:28  Missile Turret  
  199  12:41  Starport  
  199  12:43  Starport  
  199  12:47  Siege Tank x2  
  184  12:59  Thor x2, Siege Tank  
  184  13:00  Hellion x2  
  184  13:03  Viking  
  191  13:21  Hellion x2  
  191  13:24  Starport Tech Lab x2  

Tags
 
Add a new tag
Caveats
  • Supply blocks, unpowered buildings, or Contaminate may cause inaccurate times.
  • Supply counts are checked every 10 seconds.